AoeStats
← ncurottoe

Arabia

510405311Analyzed
1v1 RM · 2d ago on Sep 30, 2026· 75m 38s· 2 players
Game mode
Random Map
Map size
Tiny (2 player)
Population
200
Speed
Normal
Resources
Standard
Victory
Conquest
Starting age
Dark Age
Ending age
Imperial Age
RankedLock teamsTeams togetherTeam positionsShared explorationLock speedFull tech treeHidden civsTurbo modeCheats
Victory
Defeat
🇨🇱 Koreans · Chile
1327
+17
🇨🇱 Goths · Chile
1355
-17
ncurottoe
6:09 Loom
9:08 Feudal Age
9:45 Man-at-Arms
12:37 Double-Bit Axe
20:14 Castle Age
18:24 Horse Collar
19:05 Fletching
21:03 Bodkin Arrow
21:43 Bow Saw
21:24 Crossbowman
24:33 Wheelbarrow
24:59 Thumb Ring
25:37 Ballistics
26:53 Gold Mining
30:06 Hand Cart
36:44 Imperial Age
36:48 Arbalester
40:37 Forging
40:32 Scale Barding Armor
40:30 Scale Mail Armor
40:53 Murder Holes
42:02 Chemistry
41:06 Long Swordsman
41:47 Squires
42:32 Gold Shaft Mining
41:59 Two-Handed Swordsman
43:19 Chain Mail Armor
43:40 Iron Casting
43:57 Squires
45:32 Plate Mail Armor
46:10 Bracer
47:50 Two-Man Saw
46:55 Heavy Plow
48:07 Masonry
47:54 Champion
52:21 Siege Engineers
54:43 Elite Skirmisher
56:18 Conscription
60:52 Shinkichon
60:51 Scale Barding Armor
60:55 Light Cavalry
61:36 Husbandry
61:33 Hussar
68:34 Chain Barding Armor
eav.usm
6:49 Loom
7:07 Loom
9:33 Feudal Age
10:55 Double-Bit Axe
17:56 Fletching
22:42 Castle Age
21:09 Padded Archer Armor
21:47 Bloodlines
21:45 Scale Barding Armor
22:34 Forging
22:20 Gold Mining
23:56 Chain Barding Armor
23:44 Husbandry
26:39 Bow Saw
26:38 Town Watch
36:09 Anarchy
37:53 Squires
37:55 Scale Mail Armor
39:20 Chain Mail Armor
42:12 Iron Casting
43:23 Crossbowman
44:01 Bodkin Arrow
49:33 Imperial Age
47:17 Horse Collar
50:09 Stone Mining
51:28 Blast Furnace
50:07 Elite Huskarl
51:03 Bracer
51:35 Ballistics
51:49 Perfusion
51:20 Capped Ram
55:56 Chemistry
55:50 Light Cavalry
60:05 Hussar
69:30 Wheelbarrow
69:53 Heavy Plow
73:21 Pikeman
Connection lost

Rejoining the realm…

Still unreachable

The connection could not be restored.

Session expired

The server has moved on; the page needs a fresh start.